 Dungeon Crawl Stone Soup version 0.18.1-1-g2f07953 (webtiles) character file.

103 aurelian the Slasher (level 4, -2/26 HPs)
             Began as a Tengu Gladiator on May 22, 2016.
             Slain by a sky beast (6 damage)
             ... on level 3 of the Dungeon.
             The game lasted 00:04:25 (1973 turns).

aurelian the Slasher (Tengu Gladiator)              Turns: 1973, Time: 00:04:25

Health: -2/26      AC:  6    Str: 15    XL:     4   Next: 79%
Magic:  5/5        EV: 12    Int:  8    God:
Gold:   107        SH:  0    Dex: 16    Spells: 0 memorised, 3 levels left

rFire  . . .     SeeInvis .     a - +0 long sword
rCold  . . .     Gourm    .     v - +0 ring mail
rNeg   . . .     Faith    .     (no shield)
rPois  .         Spirit   .     h - +1 hat {MR+}
rElec  .         Dismiss  .     (no cloak)
rCorr  .         Reflect  .     (no gloves)
SustAt .         Harm     .     (boots unavailable)
MR     +....                    (no amulet)
Stlth  +.........               (no ring)
                                (no ring)

@: somewhat resistant to hostile enchantments, very unstealthy
A: beak, talons 3
a: no special abilities


You were on level 3 of the Dungeon.
You were not hungry.

You visited 1 branch of the dungeon, and saw 3 of its levels.

You collected 107 gold pieces.

Inventory:

Hand Weapons
 a - a +0 long sword (weapon)
 b - a +4 hunting sling
Missiles
 d - 2 throwing nets (quivered)
 g - 19 stones
Armour
 c - a +0 hat
 h - a +1 hat of magic resistance (worn)
 n - a +0 leather armour
 t - the +2 robe of Ymyggaps {Regen+ Str+2 Int+3, unknown}
   (You found it on level 2 of the Dungeon)

   It affects your strength (+2).
   It affects your intelligence (+3).
   It increases your rate of regeneration.
 v - a +0 ring mail (worn)
Scrolls
 e - a scroll of immolation {unknown}
 i - 2 scrolls of amnesia
 j - a scroll of identify {unknown}
 l - a scroll of teleportation {unknown}
 m - 2 scrolls of remove curse
 o - a scroll of recharging {unknown}
 q - a scroll of magic mapping {unknown}
Potions
 k - 2 potions of haste {unknown}
 r - 2 potions of invisibility {unknown}
 s - 3 potions of curing {unknown}
 u - a potion of brilliance {unknown}
 w - 2 potions of heal wounds {unknown}
Books
 p - Jessica's Volume of Good Luck
   (You found it on level 3 of the Dungeon)

   Spells                             Type                      Level
   a - Song of Slaying                Charms                       2
Comestibles
 f - 3 bread rations


   Skills:
 - Level 2.0 Fighting
 + Level 5.9 Long Blades
 - Level 2.0 Throwing
 - Level 3.2 Dodging


You had 3 spell levels left.
You didn't know any spells.

Dungeon Overview and Level Annotations

Branches:
Dungeon (3/15)

Altars:

Annotations:
D:1 Terence


Innate Abilities, Weirdness & Mutations

You have a beak for a mouth.
You have claws for feet.


Message History

Reactivating autopickup.
You closely miss the sky beast. Your kick misses the sky beast.
The sky beast is heavily wounded.
The sky beast misses you.
You slash the sky beast! Your kick misses the sky beast.
Your peck misses the sky beast.
The sky beast is almost dead.
The sky beast hits you. The sky beast shocks you.
You hit the sky beast.
The sky beast is almost dead.
The sky beast barely misses you.
Your ring mail prevents you from hitting the sky beast.
You claw the sky beast, but do no damage.
The sky beast is almost dead.
The sky beast hits you. The sky beast shocks you.
* * * LOW HITPOINT WARNING * * *
The sky beast hits you.
* * * LOW HITPOINT WARNING * * *
The sky beast shocks you.
You die...

##.......########.#
##..#####........#.#
######..##...##...###.#.# ##
#.......#.....#...# #.#.#
.###.####..'.[...#...# #.#.#
.'....#....#.....#...# #.#.#
.###..#.#..##...##...###.#.#
.# #..#.....#####........#.#
.###..#####....Y@.#...####.#
(........<.>.....##......#.#
####..#.#.....).###....#.#.#
#..#.#....#### #....#.#.#
#..#.#....### #....#.#.#
#..#.#......# #....#.#.#
#..#.#......# #....#.#.#
#..#.#......# ##..##.#.#
####..#.#......# #.....#.#


You could see a sky beast.

Vanquished Creatures
  Jessica (D:3)
  3 adders
  2 worms (D:2)
  3 bats
  4 goblins
  8 hobgoblins
  5 jackals (D:2)
  2 quokkas
  2 giant newts
  4 kobolds
  8 rats
42 creatures vanquished.

Notes
Turn   | Place    | Note
--------------------------------------------------------------
     0 | D:1      | aurelian the Tengu Gladiator began the quest for the Orb.
     0 | D:1      | Reached XP level 1. HP: 12/12 MP: 2/2
   158 | D:1      | Reached XP level 2. HP: 16/17 MP: 3/3
   224 | D:1      | Reached skill level 4 in Long Blades
   723 | D:2      | Noticed Terence
   928 | D:2      | Reached XP level 3. HP: 13/21 MP: 4/4
  1326 | D:2      | Reached skill level 5 in Long Blades
  1353 | D:2      | Got a fine robe
  1459 | D:2      | Reached XP level 4. HP: 26/26 MP: 5/5
  1882 | D:3      | Noticed Jessica
  1886 | D:3      | Killed Jessica
  1897 | D:3      | Identified Jessica's Volume of Good Luck
  1936 | D:3      | Noticed a sky beast
  1973 | D:3      | Slain by a sky beast

Skill      XL: |  1  2  3 |
---------------+----------+-----
Long Blades    | 4 5 |  5.9
Fighting       | |  2.0
Throwing       | |  2.0
Dodging        | |  3.2

Action                   |  1- 3 |  4- 6 || total
-------------------------+-------+-------++-------
Melee: Long sword        |    90 |    25 ||   115
       Kick              |    30 |     9 ||    39
       Peck              |    11 |     3 ||    14
 Fire: Hunting sling     |       |     8 ||     8
Throw: Throwing net      |     2 |       ||     2
  Use: Scroll            |     1 |     1 ||     2
  Eat: Chunk             |     2 |     1 ||     3
Armor: Leather armour    |    18 |       ||    18
       Ring mail         |       |     6 ||     6
Dodge: Dodged            |    65 |    10 ||    75
